 Dungeon Sprint DCSS version 0.16-a0-3803-gd4b2de5 (console) character file.

16 Monkaria the Skirmisher (level 2, -4/29 HPs)
             Began as a Hill Orc Fighter on Jan 26, 2015.
             Was an Initiate of Makhleb.
             Slain by a sky beast (6 damage)
             ... in the Dungeon (Sprint IX: "|||||||||||||||||||||||||||||").
             The game lasted 00:00:57 (246 turns).

Monkaria the Skirmisher (Hill Orc Fighter)           Turns: 246, Time: 00:00:57

Health: -4/29      AC: 12    Str: 21    XL:     2   Next: 54%
Magic:  2/2        EV:  5    Int: 11    God:    Makhleb [......]
Gold:   0          SH:  9    Dex: 10    Spells: 0 memorised, 1 level left

rFire  . . .     SeeInvis .     p - +2 scimitar (holy)
rCold  . . .     Clarity  .     s - +1 chain mail
rNeg   . . .     SustAb   .     c - +0 shield
rPois  .         Gourm    .     (no helmet)
rElec  .         Spirit   .     (no cloak)
rCorr  .         Warding  .     q - +0 pair of gloves
rMut   .         NoTele   +     r - +0 pair of boots
MR     .....                    (no amulet)
Stlth  ..........               u - +3 ring of strength
                                t - +3 ring of intelligence

@: not resistant to hostile enchantments, extremely unstealthy
A: no striking features
a: Renounce Religion


You were in the Dungeon.
You worshipped Makhleb.
Makhleb was noncommittal.
You were not hungry.

You visited 1 branch

Inventory:

Hand weapons
 p - a +2 scimitar of holy wrath (weapon)
Armour
 c - a +0 shield (worn)
 q - a +0 pair of gloves (worn)
 r - a +0 pair of boots (worn)
 s - a +1 chain mail (worn)
Jewellery
 t - a +3 ring of intelligence (left hand)
 u - a +3 ring of strength (right hand)
Magical devices
 o - a wand of cold (7)
Scrolls
 k - 2 scrolls of blinking
 m - 3 scrolls of remove curse
 n - 2 scrolls of amnesia
Potions
 e - a potion of might
 f - 5 potions of curing
 g - 3 potions of heal wounds
 h - a potion of haste
 i - 4 potions of magic
 j - a potion of berserk rage
 l - a potion of invisibility
Comestibles
 d - a meat ration


   Skills:
 + Level 5.0 Fighting
 * Level 4.9 Long Blades
 - Level 3.2 Armour
 - Level 3.2 Shields


You had one spell level left.
You didn't know any spells.

Dungeon Overview and Level Annotations

Branches:
Dungeon (1/1)

Altars:
Cheibriados
Dithmenos
Elyvilon
Fedhas
Gozag
Kikubaaqudgha
Makhleb
Nemelex Xobeh
Okawaru
Qazlal
Ru
Sif Muna
Trog
Vehumet
Xom
Yredelemnul
Zin
The Shining One
Beogh
Jiyva
Lugonu


Message History

Your shield and chain mail prevent you from hitting something.
Something hits you but does no damage.
You closely miss something. You block its attack.
Something hits you but does no damage.
You barely miss something. Something hits you but does no damage.
You closely miss something. Something hits you but does no damage.
You miss something. Something hits you but does no damage.
You hit something. Something hits you but does no damage.
You completely miss something. Something hits you but does no damage.
Something hits you but does no damage.
You hit something. Something hits you. Something shocks you.
You miss something. Something hits you but does no damage.
Unknown command.
You barely miss something. Something hits you. Something shocks you.
You hit something. Something hits you. Something shocks you.
* * * LOW HITPOINT WARNING * * *
Something hits you.
* * * LOW HITPOINT WARNING * * *
Something shocks you.
You die... ▓▓▓▓▓▓▓▓▓▓▓▓▓▓▓▓▓▓▓▓▓▓▓▓▓ +..nWrS{@....)|..'_______ ▓▓▓▓▓▓▓▓▓▓▓▓▓▓▓▓▓▓▓▓▓▓▓▓▓

You could see a hungry ghost, a necrophage, an adder and a rat.

Vanquished Creatures
  An adder skeleton (D)
  A giant gecko (D)
  2 oozes (D)
  A goblin (D)
  A hobgoblin (D)
  A kobold (D)
  A bat (D)
  A jackal (D)
  A rat (D)
10 creatures vanquished.

Notes
Turn   | Place    | Note
--------------------------------------------------------------
     0 | D        | Monkaria, the Hill Orc Fighter, began the quest for the Orb.
     0 | D        | Reached XP level 1. HP: 19/19 MP: 1/1
    11 | D        | Reached skill level 4 in Fighting
    18 | D        | Reached XP level 2. HP: 20/28 MP: 2/2
   122 | D        | Reached skill level 5 in Fighting
   132 | D        | Found a glowing silver altar of Zin.
   132 | D        | Found a glowing golden altar of the Shining One.
   132 | D        | Found an ancient bone altar of Kikubaaqudgha.
   132 | D        | Found a basalt altar of Yredelemnul.
   132 | D        | Found a shimmering altar of Xom.
   132 | D        | Found a radiant altar of Vehumet.
   132 | D        | Found an iron altar of Okawaru.
   133 | D        | Found a burning altar of Makhleb.
   134 | D        | Found a deep blue altar of Sif Muna.
   135 | D        | Found a bloodstained altar of Trog.
   136 | D        | Found a sparkling altar of Nemelex Xobeh.
   137 | D        | Found a white marble altar of Elyvilon.
   138 | D        | Found a roughly hewn altar of Beogh.
   139 | D        | Found a viscous altar of Jiyva.
   140 | D        | Found a corrupted altar of Lugonu.
   141 | D        | Found a blossoming altar of Fedhas.
   142 | D        | Became a worshipper of Makhleb the Destroyer
   143 | D        | Found a snail-covered altar of Cheibriados.
   144 | D        | Found a shadowy altar of Dithmenos.
   145 | D        | Found a stormy altar of Qazlal.
   146 | D        | Found an opulent altar of Gozag.
   147 | D        | Found a sacrificial altar of Ru.
   226 | D        | Noticed a necrophage
   226 | D        | Noticed a hungry ghost
   226 | D        | Noticed a sky beast
   246 | D        | Slain by a sky beast

Action                   || total
-------------------------++-------
Melee: Long sword        ||    29
       Scimitar          ||    20
